 Dungeon Sprint DCSS version 0.26.1-2-gb8aa6d0cf2 (webtiles) character file.

Game seed: 11670639839399350998

596 Groucho the Unseen (level 6, -1/48 HPs)
             Began as a Demigod Brigand on Feb 15, 2021.
             Slain by Sonja
             ... wielding a +2 short sword of distortion
              (4 damage)
             ... in the Dungeon (Sprint I: "Red Sonja").
             The game lasted 00:04:14 (1160 turns).

Groucho the Unseen (Demigod Brigand)                Turns: 1160, Time: 00:04:14

Health: -1/48      AC:  3    Str: 14    XL:     6   Next: 95%
Magic:  8/8        EV: 12    Int: 15    God:
Gold:   405        SH:  0    Dex: 21    Spells: 5/5 levels left

rFire    . . .     SeeInvis .   a - +2 dagger
rCold    . . .     Faith    .   (no shield)
rNeg     . . .     Spirit   .   b - +0 robe
rPois    .         Reflect  .   (no helmet)
rElec    .         Harm     .   c - +0 cloak
rCorr    .         Rampage  .   (no gloves)
Will     .....     NoTele   +   (no boots)
Stlth    ++........             j - amulet of the acrobat
HPRegen  0.16/turn              (no ring)
MPRegen  0.11/turn              (no ring)

@: confused
A: high mp 1
a: no special abilities


You were in the Dungeon.
You visited 1 branch You collected 405 gold pieces.

Inventory:

Hand Weapons
 a - a +2 dagger (weapon)
 m - a +1 short sword of speed
Missiles
 d - 7 poisoned darts (quivered)
 e - 2 curare-tipped darts
Armour
 b - a +0 robe (worn)
 c - a +0 cloak (worn)
 l - a +0 leather armour
Jewellery
 j - an amulet of the acrobat (around neck)
Wands
 f - a wand of random effects (10)
Scrolls
 k - a scroll of blinking
Potions
 g - a potion of heal wounds
 h - a potion of haste
 i - 2 potions of magic


   Skills:
 - Level 1.7 Fighting
 - Level 1.7 Short Blades
 - Level 1.7 Throwing
 - Level 0.8 Dodging
 + Level 15.1 Stealth


You had 5 spell levels left.
You didn't know any spells.
Your spell library was empty.

Dungeon Overview and Level Annotations

Branches:
Dungeon (1/1)

Shops:
D (

Annotations:
D Sonja


Innate Abilities, Weirdness & Mutations

You have an increased reservoir of magic. (+10% MP)


Message History

Okay, then.
You are too confused!
Unknown command.
You miss Sonja.
Sonja is lightly wounded.
Sonja barely misses you. Sonja hits you but does no damage.
Space bends around you. Sonja barely misses you.
You closely miss Sonja.
Sonja is lightly wounded.
Sonja zaps a wand.
You resist with some effort.
Unknown command.
You're too confused to move!
Sonja hits you with a +2 short sword of distortion!
* * * LOW HITPOINT WARNING * * *
Sonja hits you with a +2 short sword of distortion.
* * * LOW HITPOINT WARNING * * *
Space bends around you.
* * * LOW HITPOINT WARNING * * *
Sonja hits you with a +2 short sword of distortion.
You die...

#..'..#..'..#..'^.'..#
#..#####'#####'#__####
#..####..#...#.####
#..#__####..##)#
#..#_____##'#_.+
#⌠⌠#_.∩..†'..._#
####_..__##_.#'#
#_____###'#.# #######
#@###


+$K$+ #$.$# ##(## #+# You could see Sonja.

Vanquished Creatures
  A slime creature (D)
  A yak (D)
  Sigmund (D)
  An ogre (D)
  A jelly (D)
  Ijyb (D)
6 creatures vanquished.

Notes
Turn   | Place    | Note
-------+----------+-------------------------------------------
     0 | D        | Groucho the Demigod Brigand began the quest for the Orb.
     0 | D        | Reached XP level 1. HP: 17/17 MP: 3/3
     3 | D        | Noticed Ijyb
    31 | D        | Killed Ijyb
    32 | D        | Reached skill level 6 in Stealth
    32 | D        | Reached XP level 2. HP: 3/24 MP: 4/4
   546 | D        | Noticed an ogre
   551 | D        | Killed an ogre
   552 | D        | Reached skill level 9 in Stealth
   552 | D        | Reached XP level 3. HP: 29/29 MP: 5/5
   552 | D        | Reached XP level 4. HP: 36/36 MP: 6/6
  1030 | D        | Noticed Sigmund
  1032 | D        | Killed Sigmund
  1033 | D        | Reached skill level 12 in Stealth
  1033 | D        | Reached XP level 5. HP: 41/41 MP: 7/7
  1045 | D        | Found a shimmering blue altar of Sif Muna.
  1046 | D        | Found an ornate altar of the Wu Jian Council.
  1047 | D        | Found a radiant altar of Vehumet.
  1101 | D        | Found Regreics's Weapon Emporium.
  1101 | D        | Found an ancient bone altar of Kikubaaqudgha.
  1101 | D        | Found a hazy altar of Hepliaklqana.
  1101 | D        | Found a stormy altar of Qazlal.
  1101 | D        | Found a hide-covered altar of Uskayaw.
  1101 | D        | Found a blossoming altar of Fedhas.
  1101 | D        | Found a bloodstained altar of Trog.
  1101 | D        | Found an iron altar of Okawaru.
  1101 | D        | Found a basalt altar of Yredelemnul.
  1101 | D        | Found a glowing golden altar of the Shining One.
  1101 | D        | Found a snail-covered altar of Cheibriados.
  1101 | D        | Found a sacrificial altar of Ru.
  1101 | D        | Found a glowing silver altar of Zin.
  1101 | D        | Found a shadowy altar of Dithmenos.
  1101 | D        | Found a white marble altar of Elyvilon.
  1101 | D        | Noticed a yak
  1102 | D        | Found an opulent altar of Gozag.
  1103 | D        | Killed a yak
  1104 | D        | Reached skill level 14 in Stealth
  1104 | D        | Reached XP level 6. HP: 48/48 MP: 8/8
  1104 | D        | Found a sparkling altar of Nemelex Xobeh.
  1122 | D        | Found a burning altar of Makhleb.
  1122 | D        | Found a shimmering altar of Xom.
  1122 | D        | Noticed a slime creature
  1123 | D        | Found a viscous altar of Jiyva.
  1123 | D        | Found a corrupted altar of Lugonu.
  1125 | D        | Killed a slime creature
  1126 | D        | Reached skill level 15 in Stealth
  1153 | D        | Noticed Sonja
  1160 | D        | Slain by Sonja

Illustrated notes

Levels and vault maps discovered:
D:        dungeon_sprint_1 [red_sonja_temple_1, red_sonja_temple_small_1]

Skill      XL: |  1  2  3  4  5  6 |
---------------+-------------------+-----
Stealth        | 6 9 12 14 15 | 15.1
Fighting       | |  1.7
Short Blades   | |  1.7
Throwing       | |  1.7
Dodging        | |  0.8

Action                   |  1- 3 |  4- 6 || total
-------------------------+-------+-------++-------
Melee: Dagger            |    30 |     7 ||    37
Throw: Dart              |       |     1 ||     1
  Use: Potion            |     2 |       ||     2
 Stab: Sleeping          |     1 |     4 ||     5
Armor: Robe              |     2 |       ||     2
Dodge: Dodged            |    13 |     4 ||    17
